 Dungeon Crawl Stone Soup version 0.23.2-1-ga50397a (webtiles) character file.

Game seed: 3606117193849060044

431 Fang the Skirmisher (level 7, -3/44 HPs)
             Began as a Gargoyle Berserker on May 6, 2019.
             Was a Believer of Trog.
             Slain by Menkaure (11 damage)
             ... on level 4 of the Dungeon.
             The game lasted 00:03:18 (2631 turns).

Fang the Skirmisher (Gargoyle Berserker)            Turns: 2631, Time: 00:03:19

Health: -3/44      AC: 14    Str: 23    XL:     7   Next: 0%
Magic:  7/7        EV: 10    Int:  7    God:    Trog [**....]
Gold:   155        SH:  0    Dex:  9    Spells: 6/6 levels left

rFire    . . .     SeeInvis .   a - +0 hand axe
rCold    . . .     Gourm    .   (no shield)
rNeg     + . .     Faith    .   b - +0 chain mail
rPois    ∞         Spirit   .   (no helmet)
rElec    +         Reflect  .   (no cloak)
rCorr    .         Harm     .   (no gloves)
MR       .....                  (no boots)
Stlth    ..........             j - amulet of regeneration
HPRegen  0.54/turn              v - +1 ring of evasion (curse)
MPRegen  0.10/turn              (no ring)

@: no status effects
A: negative energy resistance 1, electricity resistance, unbreathing,
petrification resistance, rot immunity, AC +4
a: Berserk, Trog's Hand, Renounce Religion


You were on level 4 of the Dungeon.
You worshipped Trog.
Trog was pleased with you.
You were near starving.

You visited 1 branch of the dungeon, and saw 4 of its levels.

You collected 155 gold pieces.

Inventory:

Hand Weapons
 a - a +0 hand axe (weapon)
Armour
 b - a +0 chain mail (worn)
Jewellery
 j - an amulet of regeneration (around neck)
 v - a cursed +1 ring of evasion (left hand)
Scrolls
 d - 3 scrolls of remove curse {unknown}
 g - a scroll of amnesia {unknown}
 h - 2 scrolls of enchant weapon {unknown}
 i - 8 scrolls of identify {unknown}
 l - 2 scrolls of magic mapping {unknown}
 m - a scroll of teleportation {unknown}
 n - a scroll of enchant armour {unknown}
 p - a scroll of fog {unknown}
 u - a scroll of noise {unknown}
Potions
 e - a potion of invisibility {unknown}
 f - a potion of haste {unknown}
 k - 2 potions of lignification {unknown}
 o - 2 potions of flight {unknown}
 r - 4 potions of brilliance {unknown}
 s - 3 potions of heal wounds {unknown}
 t - a potion of curing {unknown}
Comestibles
 c - 4 rations


   Skills:
 + Level 5.0 Fighting
 + Level 4.1 Axes
 + Level 4.3 Armour
 + Level 3.2 Dodging


You had 6 spell levels left.
You didn't know any spells.
Your spell library was empty.

Dungeon Overview and Level Annotations

Branches:
Dungeon (4/15)
 Temple: D:4-7

Altars:
The Shining One

Annotations:
D:4 Menkaure


Innate Abilities, Weirdness & Mutations

You are resistant to torment.
Your stone body is resilient. (AC +4)
You are immune to poison.
You resist negative energy. (rN+)
You are resistant to electric shocks. (rElec)
You can survive without breathing.
You are immune to petrification.
You are immune to rotting.


Message History

You barely miss Menkaure.
Menkaure is moderately damaged.
Menkaure breathes soot at you.
Menkaure calls on the powers of darkness!
You feel a surge of unholy energy.
You hit Menkaure.
Menkaure is heavily damaged.
Menkaure closely misses you.
Menkaure calls on the powers of darkness!
You feel a surge of unholy energy.
You hit Menkaure but do no damage.
Menkaure is heavily damaged.
Menkaure barely misses you.
You hit Menkaure.
Menkaure is severely damaged.
Menkaure hits you but does no damage.
You hit Menkaure.
Menkaure is severely damaged.
Menkaure hits you!
You die...

.......# #.#.#.#
.......# #.#.#.#
###+#....#.#.#.#
.........#.#.#.#
###.....<#...#.#
#### ...##.....#
...+ ..#.#######
#### #.......# #
#######@# # #M#
# ..# # ...# #
....# # ....$# #
......# #
######## #


You could see Menkaure.

Vanquished Creatures
  Grinder (D:4)
  Edmund (D:4)
  A crimson imp (D:4)
  A gnoll (D:1)
  An adder (D:3)
  An adder zombie (D:2)
  A worm (D:2)
  2 dart slugs
  2 orcs
  2 giant cockroaches
  11 goblins
  10 hobgoblins
  3 jackals (D:2)
  2 bats (D:3)
  A frilled lizard (D:1)
  9 kobolds
  4 rats
53 creatures vanquished.

Notes
Turn   | Place    | Note
-------+----------+-------------------------------------------
     0 | D:1      | Fang the Gargoyle Berserker began the quest for the Orb.
     0 | D:1      | Reached XP level 1. HP: 14/14 MP: 1/1
   128 | D:1      | Reached XP level 2. HP: 17/19 MP: 2/2
   261 | D:1      | Reached XP level 3. HP: 8/23 MP: 3/3
   730 | D:1      | Reached ** piety under Trog
  1515 | D:3      | Reached XP level 4. HP: 28/29 MP: 4/4
  1577 | D:3      | Found a glowing golden altar of the Shining One.
  1847 | D:3      | Reached skill level 4 in Fighting
  2252 | D:4      | Noticed Edmund
  2273 | D:4      | Killed Edmund
  2273 | D:4      | Reached XP level 5. HP: 15/34 MP: 5/5
  2508 | D:4      | Noticed Grinder
  2523 | D:4      | Killed Grinder
  2523 | D:4      | Reached XP level 6. HP: 34/40 MP: 6/6
  2569 | D:4      | Reached skill level 5 in Fighting
  2569 | D:4      | Reached XP level 7. HP: 41/44 MP: 7/7
  2619 | D:4      | Noticed Menkaure
  2631 | D:4      | Slain by Menkaure

Skill      XL: |  1  2  3  4  5  6 |
---------------+-------------------+-----
Axes           | 3 4 |  4.1
Dodging        | 2 3 |  3.2
Armour         | 3 4 |  4.3
Fighting       | 4 5 |  5.0

Action                   |  1- 3 |  4- 6 |  7- 9 || total
-------------------------+-------+-------+-------++-------
Melee: Hand axe          |   123 |   110 |    11 ||   244
Invok: Berserk           |     1 |     2 |       ||     3
  Eat: Chunk             |     3 |     4 |       ||     7
Armor: Animal skin       |    15 |       |       ||    15
       Chain mail        |    42 |    91 |     3 ||   136
Dodge: Dodged            |    75 |    58 |     3 ||   136
